[Event "NED-ch U20 Youth 2019"]
[Site "Assen"]
[Date "2019.04.30"]
[Round "3.5"]
[White "Halfhide, Sebastian"]
[Black "Van Foreest, Machteld"]
[Result "1-0"]
[ECO "A28"]
[WhiteElo "2274"]
[BlackElo "2065"]
[Annotator "NA"]
[PlyCount "69"]
[EventDate "2019.04.28"]
[EventType "swiss"]
[EventCountry "NED"]
[SourceTitle "playchess.com"]
[Source "ChessBase"]
[SourceQuality "1"]
[TimeControl "40/5400+30:1800+30"]

1. c4 e5 2. Nc3 Nf6 3. Nf3 Nc6 4. e3 Be7 5. d4 exd4 6. exd4 {[%emt 0:01:41] A28: English Opening: Four Knights Variation} d5 7. h3 (7. cxd5 Nxd5 8. Bd3 O-O 9. O-O Bg4 10. Be4 Nf6 11. Bxc6 bxc6 12. h3 Bxf3 13. Qxf3 Qxd4 14. Qxc6 Bd6 15. Rd1 Qe5 16. g3 Qf5 17. Kg2 Rab8 18. Qf3 Qxf3+ 19. Kxf3 Be5 20. Rd3 {½-½ (20) Ding,L (2777)-Harikrishna,P (2744) Riadh 2017}) 7... O-O 8. cxd5 Nxd5 9. Bd3 Bb4 10. O-O Nxc3 11. bxc3 Bxc3 {[%emt 0:01:45] Double Attack [#]} 12. Bxh7+ $1 Kh8 (12... Kxh7 $11 13. Qd3+ Kg8 14. Qxc3 Qd5) 13. Ng5 $146 ({Predecessor:} 13. Bg5 Qd5 {0-1 (48) Paschall,W (2351)-Erdelyi,Z (2363) Hungary 2008}) 13... g6 $1 ({Worse is} 13... Bxa1 14. Qh5 Qxg5 15. Bxg5 Bg4 16. hxg4 Rfe8 17. Bg6+ {[%mdl 64] Discovered Attack} Kg8 18. Qh7+ Kf8 19. Qh8#) 14. Nxf7+ Rxf7 15. Bxg6 Rf5 16. Bxf5 Bxf5 17. Qh5+ {[%emt 0:00:55] Double Attack} Kg8 $2 (17... Bh7 $16 {might work better.}) 18. Qxf5 Bxa1 19. d5 Ne7 20. Qe6+ Kh8 21. Bg5 Qxd5 22. Qxe7 Bg7 23. Bf6 Rg8 24. g3 $18 Qh5 25. Rb1 b6 26. Rb4 Qd1+ 27. Kh2 Bxf6 28. Qxf6+ Rg7 29. Rh4+ Kg8 30. Qe6+ Rf7 31. Qg6+ Kf8 32. Rh8+ Ke7 33. Qg5+ Rf6 34. Qe5+ Kf7 35. Qe8+ 1-0

[Event "NED-ch U20 Youth 2019"]
[Site "Assen"]
[Date "2019.04.30"]
[Round "3.6"]
[White "Gijsen, William"]
[Black "Elgersma, Simon"]
[Result "0-1"]
[ECO "C12"]
[WhiteElo "2041"]
[BlackElo "2137"]
[Annotator "NA"]
[PlyCount "58"]
[EventDate "2019.04.28"]
[EventType "swiss"]
[EventCountry "NED"]
[SourceTitle "playchess.com"]
[Source "ChessBase"]
[SourceQuality "1"]
[TimeControl "40/5400+30:1800+30"]

1. e4 e6 2. d4 d5 3. Nc3 Nf6 4. Bg5 Bb4 5. e5 h6 6. Bd2 Bxc3 7. bxc3 Ne4 8. Bc1 c5 {[%emt 0:08:16] C12: French: Classical System: McCutcheon Variation} 9. Ne2 Qa5 (9... Nc6 10. f3 Ng5 11. Be3 c4 12. h4 Nh7 13. h5 Qa5 14. f4 Bd7 15. g4 O-O-O 16. Qc1 {½-½ (53) Warakomski,T (2511)-Sieciechowicz,M (2409) Poland 2017}) 10. f3 Nxc3 11. Qd2 cxd4 12. Nxd4 Qc5 {[%emt 0:12:46] [#]} 13. a4 $1 ({Weaker is} 13. Bb2 Na4 $15) 13... Nc6 $146 {[%emt 0:35:31] [#]} ({Predecessor:} 13... Bd7 14. Ba3 Qc8 15. Bb4 Nxa4 16. Nb5 Bxb5 17. Bxb5+ {½-½ (78) Gilevich,A (2407)-Di Benedetto,E (2269) Chianciano Terme 2018}) 14. Nxc6 $2 (14. Nb3 $1 $18 Qb4 15. Ba3 Qh4+ 16. g3) 14... bxc6 15. Ba3 Qa5 16. Rb1 d4 $1 17. Rb3 (17. Bd6 $11 {keeps the balance.}) 17... Qxe5+ 18. Kf2 f5 (18... Bd7 $17 19. Bb2 Rb8) 19. Bc4 Kf7 ({Black should try} 19... f4 $15) 20. Re1 Qf6 21. Qf4 Nd5 22. Bxd5 $1 cxd5 23. Qc7+ Kg6 $1 24. Qc6 (24. f4 $11 d3 25. Bb2) 24... e5 25. Bd6 $2 {[%emt 0:03:30] [#]} (25. Qxa8 $2 {too greedy.} Qh4+ {[%mdl 64] Double Attack} 26. Ke2 Ba6+ {[%mdl 64] Discovered Attack} 27. Kd1 Rxa8 $19) (25. Qxf6+ $17 gxf6 26. f4) 25... Rd8 $1 26. Qxd5 $19 (26. Kg1 Bd7 27. Qc5) 26... Be6 27. Qxe5 Bxb3 28. Qxf6+ gxf6 29. Be7 Bxc2 0-1

[Event "NED-ch U20 Youth 2019"]
[Site "Assen"]
[Date "2019.04.30"]
[Round "3.7"]
[White "Van Hoorn, Geert"]
[Black "Van Roon, Sjoerd"]
[Result "1/2-1/2"]
[ECO "C45"]
[WhiteElo "1965"]
[BlackElo "2115"]
[Annotator "NA"]
[PlyCount "115"]
[EventDate "2019.04.28"]
[EventType "swiss"]
[EventCountry "NED"]
[SourceTitle "playchess.com"]
[Source "ChessBase"]
[SourceQuality "1"]
[TimeControl "40/5400+30:1800+30"]

1. e4 e5 2. Nf3 Nc6 3. d4 exd4 4. Nxd4 Nf6 5. Nxc6 bxc6 6. e5 Qe7 7. Qe2 Nd5 8. h4 Qe6 {[%emt 0:01:00] C45: Scotch Game} 9. c4 (9. Nd2 d6 10. exd6 Bxd6 11. Nc4 Bc5 12. a3 O-O 13. Qxe6 Bxe6 14. Bd3 Rfe8 15. O-O a5 16. Ne5 {½-½ (38) Caruana,F (2828)-Robson,R (2667) Saint Louis 2019}) 9... Nb6 10. g3 Bb7 11. b3 Bb4+ $146 ({Predecessor:} 11... c5 12. Bh3 f5 13. O-O g6 14. Nc3 Bg7 15. Bf4 O-O 16. Rad1 {½-½ (36) Perunovic,M (2597)-Van Foreest,L (2500) Skopje 2018}) 12. Bd2 c5 13. Bh3 $1 Qc6 14. Rg1 O-O-O 15. Nc3 Rhe8 16. O-O-O Ba3+ 17. Kc2 Qg6+ 18. Qd3 Qxd3+ 19. Kxd3 Rxe5 20. Bf4 Re7 21. Nb5 Bb4 22. Bxc7 Be4+ 23. Ke3 Bg2+ 24. Kf4 Bxh3 (24... Re4+ $15 {stays ahead.} 25. Kf5 g6+ 26. Kg5 Bxh3) 25. Bxd8 Kxd8 26. g4 f5 27. gxf5 h5 28. Rg3 ({Weaker is} 28. Nxa7 Rf7 $14) 28... Bg4 29. f3 a6 30. Nd6 Bc3 31. fxg4 Be5+ 32. Kf3 Bxg3 33. Kxg3 Re2 $2 (33... hxg4 34. h5 (34. Kxg4 Re2 $18) 34... Re3+ 35. Kxg4 Ke7) 34. Nb7+ Ke7 $18 35. g5 Re3+ 36. Kf4 Re2 37. Nxc5 Rxa2 38. Re1+ Kd6 39. Ne4+ Kc6 40. f6 gxf6 41. gxf6 d5 42. cxd5+ Nxd5+ 43. Ke5 Nxf6 44. Nxf6 a5 45. Kd4 a4 46. Kc3 Rh2 47. Re6+ Kb7 48. bxa4 Rxh4 49. Kb3 Rh1 50. Kb4 h4 51. Kb5 h3 52. Re7+ Kc8 53. Re8+ Kb7 54. Ka5 Rf1 55. Re7+ Kc6 56. Ng4 Rf5+ 57. Ka6 Rf4 58. a5 1/2-1/2

[Event "NED-ch U20 Youth 2019"]
[Site "Assen"]
[Date "2019.04.30"]
[Round "3.8"]
[White "Achuthan, Dylan"]
[Black "Van Randtwijk, Mick"]
[Result "0-1"]
[ECO "B90"]
[WhiteElo "1863"]
[BlackElo "2168"]
[Annotator "NA"]
[PlyCount "64"]
[EventDate "2019.04.28"]
[EventType "swiss"]
[EventCountry "NED"]
[SourceTitle "playchess.com"]
[Source "ChessBase"]
[SourceQuality "1"]
[TimeControl "40/5400+30:1800+30"]

1. e4 c5 2. Nf3 d6 3. d4 cxd4 4. Nxd4 Nf6 5. Nc3 a6 6. h3 e5 7. Nde2 Be6 8. g4 {[%emt 0:02:26] B90: Sicilian Najdorf: Unusual White 6th moves, 6 Be3 Ng4 and 6 Be3 e5} Be7 (8... h6 9. Bg2 Nbd7 10. a4 Rc8 11. O-O Be7 12. Ng3 g6 13. Nd5 Bxd5 14. exd5 h5 15. g5 Nh7 {½-½ (52) Popov,I (2592)-Bindrich,F (2606) St Petersburg 2018}) 9. Bg2 O-O 10. O-O Nc6 11. Kh1 $146 ({Predecessor:} 11. Nd5 Bxd5 12. exd5 Na5 13. Ng3 g6 14. b3 Nd7 15. Bh6 Re8 16. Qe2 b5 17. Ne4 Nb7 {½-½ (35) Reyes Penas,S (2103)-Quispe Arteaga,G (2312) Collado Villalba 2018}) 11... Nd7 12. Nd5 Rc8 13. c3 b5 14. Ng3 Re8 15. Nf5 Bf8 16. Qf3 Na5 17. Qg3 Nc4 (17... Bxd5 $5 18. exd5 Nc4 $11) 18. h4 Nc5 (18... Bxd5 $15 19. exd5 g6) 19. g5 Kh8 20. h5 Bxd5 21. exd5 Qd7 22. Bh3 Qb7 23. Bg2 $11 e4 24. Bf4 Qxd5 25. Nh4 Nxb2 26. Qg4 Nbd3 27. g6 Nxf4 28. Qxf4 Qxh5 29. gxf7 Re7 30. Kg1 Rxf7 31. Qg3 Be7 32. Qh3 Rcf8 0-1

[Event "NED-ch U20 Youth 2019"]
[Site "Assen"]
[Date "2019.04.30"]
[Round "3.9"]
[White "Van Doren, Bas"]
[Black "Reichardt, Robin"]
[Result "1-0"]
[ECO "C45"]
[WhiteElo "1945"]
[BlackElo "2061"]
[Annotator "NA"]
[PlyCount "117"]
[EventDate "2019.04.28"]
[EventType "swiss"]
[EventCountry "NED"]
[SourceTitle "playchess.com"]
[Source "ChessBase"]
[SourceQuality "1"]
[TimeControl "40/5400+30:1800+30"]

1. e4 e5 2. Nf3 Nc6 3. d4 exd4 4. Nxd4 Bc5 5. Be3 Qf6 6. c3 Nge7 7. Bc4 O-O 8. O-O b6 9. Nc2 {[%emt 0:00:53] C45: Scotch Game} Ne5 10. Be2 N5g6 (10... Bb7 11. f4 N5g6 12. e5 Qe6 13. b4 Bxe3+ 14. Nxe3 Nh4 15. Bg4 f5 16. Be2 Kh8 {0-1 (34) Kasparov,G (2812)-Caruana,F (2795) Saint Louis 2016}) 11. g3 Bb7 12. Nd2 d5 $146 ({Predecessor:} 12... Bxe3 13. Nxe3 d5 14. Bf3 Rad8 15. Qe2 d4 16. cxd4 Qxd4 {1-0 (49) Berg,E (2575)-Grandelius,N (2644) Sweden 2016}) 13. Bxc5 bxc5 14. exd5 Bxd5 (14... Nxd5 $17 15. Bf3 Rad8) 15. Bf3 Rad8 16. Bxd5 Nxd5 17. Ne4 Qf5 18. Qe2 Rfe8 19. Rae1 Re6 (19... Qh3 $17 20. Qb5 {[#]} Ngf4 $1 21. gxf4 Rxe4 22. Rxe4 Qg4+ {[%mdl 64] Double Attack} 23. Kh1 Qf3+ {[%mdl 64] Double Attack} 24. Kg1 Qxe4) 20. f3 Qh5 ({Better is} 20... Rb8 $11) 21. Qd2 Ree8 22. Qg5 Qxg5 23. Nxg5 Ne5 24. f4 Nc4 25. Rxe8+ Rxe8 26. b3 $15 (26. Rd1 $5 c6 27. b3 $11) 26... Nd6 27. c4 Nc3 28. Ne1 h6 29. Ngf3 Nxa2 30. Nd3 Ne4 31. Ra1 Nb4 32. Nxb4 cxb4 33. Rxa7 c5 34. Ne5 Nd2 35. Nxf7 Nxb3 36. Ne5 Rd8 37. Rc7 Rd1+ 38. Kf2 Rd4 39. Rc8+ Kh7 40. f5 Rd6 41. Ng6 Rxg6 42. fxg6+ Kxg6 43. Ke3 Kf5 44. h3 Ke5 45. Rc6 Kf5 46. Kd3 h5 47. Rd6 g5 48. Ke3 Ke5 49. Rd5+ Kf6 50. Ke4 Kg6 51. Rd6+ Kf7 52. Kd5 Nd2 53. Rb6 Nb3 54. Rh6 Nd2 55. Rxh5 b3 56. Rh7+ Kg6 57. Rb7 Kf5 58. Rb6 g4 59. h4 1-0

[Event "NED-ch U20 Youth 2019"]
[Site "Assen"]
[Date "2019.04.30"]
[Round "3.10"]
[White "Emans, Job"]
[Black "Van Aken, Jelmer"]
[Result "1-0"]
[ECO "E15"]
[WhiteElo "1945"]
[BlackElo "1698"]
[Annotator "NA"]
[PlyCount "87"]
[EventDate "2019.04.28"]
[EventType "swiss"]
[EventCountry "NED"]
[SourceTitle "playchess.com"]
[Source "ChessBase"]
[SourceQuality "1"]
[TimeControl "40/5400+30:1800+30"]

1. d4 Nf6 2. c4 e6 3. Nf3 b6 4. g3 Ba6 5. Qc2 Bb4+ 6. Bd2 Be7 7. Bg2 c6 8. O-O O-O 9. b3 d5 10. Rd1 Nbd7 11. Bc1 {[%emt 0:07:05] E15: Queen's Indian: 4 g3 sidelines, 4 g3 Ba6 and 4 g3 Bb7 early deviations} (11. Bf4 Rc8 12. Nc3 Nh5 13. Bc1 f5 14. e3 Bd6 15. a4 Nhf6 16. Ne2 c5 17. Nf4 Qe7 18. cxd5 cxd4 19. Qb2 dxe3 20. Nxe6 exf2+ 21. Qxf2 {0-1 (35) Sarana,A (2613)-Jakovenko,D (2748) Satka 2018}) 11... Rc8 12. Ba3 c5 13. cxd5 cxd4 $146 ({Predecessor:} 13... exd5 14. Qb2 Ne4 15. e3 Re8 16. Nbd2 Bf6 17. Rac1 cxd4 18. Nxe4 dxe4 19. Nxd4 {0-1 (31) Will,P (2081)-Lobzhanidze,D (2448) Hofheim 2013}) 14. Qb2 Bxa3 $1 ({Reject} 14... exd5 $6 15. Nxd4 Bc5 16. b4 $14) 15. Nxa3 {[%emt 0:00:17] [#]} e5 $1 ({Reject} 15... exd5 $6 16. Nxd4 Qe7 17. Nac2 $14) 16. e3 {[%emt 0:14:57] [#]} ({Better is} 16. Rdc1 $15) 16... dxe3 $1 17. fxe3 e4 18. Ne5 Nxe5 19. Qxe5 Re8 20. Qd4 Rc5 21. d6 Bd3 22. Rxd3 exd3 23. Qxd3 Qc8 24. Rd1 (24. Qd2 $142) 24... Rc3 25. Qd2 Qc5 $2 (25... Rcxe3 $19 26. Nc4 Re2) 26. Nc4 Rxc4 27. bxc4 Rxe3 28. Kh1 Re8 29. Qf4 h6 30. h3 Nd7 31. Bd5 Nf6 32. Bg2 Rd8 33. h4 Ne8 $11 34. d7 Nf6 35. Bh3 Qc6+ 36. Kh2 Qe4 37. Qd2 Qe5 38. Re1 Qc7 39. Rd1 Ne4 40. Qe3 Nf6 41. Qe7 Qb8 42. a4 Qc7 43. Rd6 Nh7 44. Rc6 1-0

[Event "NED-ch U20 Youth 2019"]
[Site "Assen"]
[Date "2019.05.01"]
[Round "4.1"]
[White "De Boer, Eelke"]
[Black "Vrolijk, Liam"]
[Result "0-1"]
[ECO "C65"]
[WhiteElo "2338"]
[BlackElo "2465"]
[Annotator "ChessBase"]
[PlyCount "86"]
[EventDate "2019.04.28"]
[EventType "swiss"]
[EventCountry "NED"]
[SourceTitle "playchess.com"]
[Source "ChessBase"]
[SourceQuality "1"]
[TimeControl "40/5400+30:1800+30"]

1. e4 e5 2. Nf3 Nc6 3. Bb5 Nf6 4. d3 Bc5 5. c3 d5 6. exd5 Qxd5 7. Bc4 Qd6 8. Nbd2 O-O 9. O-O Bf5 10. b4 Bb6 11. a4 Bxd3 12. Bxd3 Qxd3 13. a5 Bxf2+ 14. Rxf2 Ng4 15. Re2 Ne3 16. Ne1 Qxc3 17. Qb3 Qxa1 18. Bb2 Qd1 19. Qxe3 Rad8 20. Nc4 f6 21. Bc3 Nd4 22. Rd2 Qb3 23. Bxd4 Qxc4 24. Bc5 Rxd2 25. Qxd2 Ra8 26. Nc2 b6 27. Be3 Qe6 28. Na3 bxa5 29. bxa5 a6 30. Qc3 Qd6 31. Bc5 Qd1+ 32. Kf2 Rd8 33. Be3 Qd6 34. Nc2 f5 35. Qc4+ Kh8 36. Nb4 f4 37. Bc1 e4 38. Nc6 Re8 39. Ke2 f3+ 40. gxf3 Qxh2+ 41. Ke3 Qg3 42. Qf7 Qe1+ 43. Kd4 Qd1+ 0-1

[Event "NED-ch U20 Youth 2019"]
[Site "Assen"]
[Date "2019.05.01"]
[Round "4.2"]
[White "Warmerdam, Max"]
[Black "Elgersma, Simon"]
[Result "1-0"]
[ECO "C18"]
[WhiteElo "2472"]
[BlackElo "2137"]
[Annotator "ChessBase"]
[PlyCount "87"]
[EventDate "2019.04.28"]
[EventType "swiss"]
[EventCountry "NED"]
[SourceTitle "playchess.com"]
[Source "ChessBase"]
[SourceQuality "1"]
[TimeControl "40/5400+30:1800+30"]

1. e4 e6 2. d4 d5 3. Nc3 Bb4 4. e5 Ne7 5. a3 Bxc3+ 6. bxc3 c5 7. Qg4 O-O 8. Bd3 f5 9. exf6 Rxf6 10. Bg5 Rf7 11. Qh5 g6 12. Qd1 Qa5 13. Nf3 Nd7 14. O-O c4 15. Be2 Nc6 16. Qd2 Nf6 17. Bxf6 Rxf6 18. Ng5 h6 19. Nh3 Kg7 20. f4 Bd7 21. Nf2 Raf8 22. g3 h5 23. Nh3 Ne7 24. Ng5 Nf5 25. Rf3 b5 26. Bf1 Nd6 27. Re3 Re8 28. Bh3 Qb6 29. Rae1 Nf7 30. Nf3 Nd6 31. Ne5 Bc8 32. Bg2 Qa5 33. Qc1 Nf5 34. Rf3 Nd6 35. Qb2 Qb6 36. Rfe3 a5 37. R3e2 Re7 38. Rb1 Rb7 39. Qc1 Qc7 40. Ra1 Rb6 41. Qe1 Rf8 42. Nf3 Rf6 43. Ng5 Nb7 44. Bxd5 1-0

[Event "NED-ch U20 Youth 2019"]
[Site "Assen"]
[Date "2019.05.01"]
[Round "4.3"]
[White "Van Dael, Siem"]
[Black "Halfhide, Sebastian"]
[Result "1/2-1/2"]
[ECO "B90"]
[WhiteElo "2206"]
[BlackElo "2274"]
[Annotator "NA"]
[PlyCount "100"]
[EventDate "2019.04.28"]
[EventType "swiss"]
[EventCountry "NED"]
[SourceTitle "playchess.com"]
[Source "ChessBase"]
[SourceQuality "1"]
[TimeControl "40/5400+30:1800+30"]

1. e4 c5 2. Nf3 d6 3. d4 cxd4 4. Nxd4 Nf6 5. Nc3 a6 6. Be3 Ng4 7. Bc1 Nf6 8. f3 Qb6 9. Nb3 e6 10. Qe2 Qc7 11. Be3 b5 12. Qd2 Nbd7 13. O-O-O b4 14. Ne2 d5 15. Bf4 e5 16. exd5 $15 Bd6 17. Be3 a5 18. Kb1 a4 19. Nbc1 Bb7 20. c4 Qxc4 21. Nf4 Qc7 22. Ne6 fxe6 23. dxe6 Bd5 24. exd7+ Qxd7 25. Bg5 Ra5 26. Bxf6 gxf6 27. Bc4 Bxc4 28. Qxd6 Qxd6 29. Rxd6 Ra6 30. Rhd1 Rxd6 31. Rxd6 Ke7 32. Rb6 Bf1 33. g3 Bg2 34. Rxb4 Bxf3 35. Rxa4 Rd8 36. Nb3 Rd1+ 37. Kc2 Rh1 38. Kc3 Rxh2 39. Nd2 Bd5 40. Rh4 Rxh4 41. gxh4 Bxa2 42. b3 Ke6 43. Kb2 Bxb3 44. Kxb3 Kf5 45. Kc4 Kg4 46. Kd5 Kxh4 47. Ke6 Kg4 48. Ne4 f5 49. Nf6+ Kf4 50. Nd5+ Ke4 1/2-1/2

[Event "NED-ch U20 Youth 2019"]
[Site "Assen"]
[Date "2019.05.01"]
[Round "4.4"]
[White "Mesman, Edwyn"]
[Black "Pols, Wiggert"]
[Result "1/2-1/2"]
[ECO "E73"]
[WhiteElo "2224"]
[BlackElo "2104"]
[Annotator "NA"]
[PlyCount "61"]
[EventDate "2019.04.28"]
[EventType "swiss"]
[EventCountry "NED"]
[SourceTitle "playchess.com"]
[Source "ChessBase"]
[SourceQuality "1"]
[TimeControl "40/5400+30:1800+30"]

1. d4 Nf6 2. c4 g6 3. Nc3 Bg7 4. e4 d6 5. Be2 O-O 6. Be3 e5 7. d5 Ne8 8. g4 c5 9. h4 f5 10. gxf5 gxf5 11. exf5 Bxf5 12. Bd3 $14 e4 13. Nxe4 h6 14. Ne2 Nd7 15. N2g3 Bh7 16. Ng5 Bxd3 17. Qxd3 hxg5 18. hxg5 Rf3 19. Qh7+ Kf8 20. Nf5 Ne5 21. Nxg7 Nxg7 22. g6 Qf6 23. Qh8+ Ke7 24. Qxa8 Nd3+ 25. Ke2 Rxf2+ 26. Bxf2 Qxf2+ 27. Kxd3 Qd4+ 28. Ke2 Qxc4+ 29. Kf2 Qf4+ 30. Ke2 Qe4+ 31. Kf2 1/2-1/2

[Event "NED-ch U20 Youth 2019"]
[Site "Assen"]
[Date "2019.05.01"]
[Round "4.5"]
[White "Van Roon, Sjoerd"]
[Black "Ghebreab, Elnathan"]
[Result "1-0"]
[ECO "B32"]
[WhiteElo "2115"]
[BlackElo "1882"]
[Annotator "NA"]
[PlyCount "92"]
[EventDate "2019.04.28"]
[EventType "swiss"]
[EventCountry "NED"]
[SourceTitle "playchess.com"]
[Source "ChessBase"]
[SourceQuality "1"]
[TimeControl "40/5400+30:1800+30"]

1. e4 c5 2. Nf3 Nc6 3. d4 cxd4 4. Nxd4 e5 5. Nb5 d6 6. N1c3 a6 7. Na3 b5 8. Nd5 Nge7 9. c4 Nxd5 10. exd5 Nd4 11. cxb5 g6 12. Be3 Bg7 13. Bxd4 exd4 14. Bd3 O-O 15. O-O Qa5 16. Qe1 axb5 17. Qxa5 Rxa5 18. Nxb5 Bf5 19. Bxf5 Rxb5 20. Bd3 Rxb2 21. a4 Ra8 22. a5 Rd2 23. Bc4 Rc2 24. Bd3 Rd2 25. Bc4 Rc2 26. Ra4 h5 27. a6 Rxc4 28. Rxc4 Rxa6 29. Rc6 Ra8 30. Rxd6 Kf8 31. Rb6 Rd8 32. Rb5 Ke7 33. Rc1 Kd6 34. f4 Bh6 35. g3 h4 36. Rc4 hxg3 37. hxg3 Bg7 38. Rc6+ Ke7 39. Rb7+ Rd7 40. Rxd7+ Kxd7 41. Kf2 Bh8 42. Ke2 Bg7 43. Kd3 Bh8 44. Ra6 Bg7 45. Kc4 Bh8 46. Ra7+ Ke8 1-0

[Event "NED-ch U20 Youth 2019"]
[Site "Assen"]
[Date "2019.05.01"]
[Round "4.6"]
[White "Van Hoorn, Geert"]
[Black "Ypma, Jord"]
[Result "0-1"]
[ECO "B21"]
[WhiteElo "1965"]
[BlackElo "1854"]
[Annotator "NA"]
[PlyCount "68"]
[EventDate "2019.04.28"]
[EventType "swiss"]
[EventCountry "NED"]
[SourceTitle "playchess.com"]
[Source "ChessBase"]
[SourceQuality "1"]
[TimeControl "40/5400+30:1800+30"]

1. e4 c5 2. Be2 Nc6 3. f4 e6 4. Nf3 g6 5. O-O Bg7 6. c3 Nge7 7. d3 d5 8. Be3 d4 9. Bf2 O-O 10. c4 a6 11. Nbd2 f5 12. e5 h6 13. Kh1 Kh7 14. Rg1 b6 15. a3 a5 16. g4 Bb7 17. g5 Rh8 18. h3 Qc7 19. Kh2 Nd8 20. Bh4 Nf7 21. gxh6 Bxh6 22. Ng5+ Bxg5 23. Bxg5 Nxg5 24. Rxg5 Kg7 25. Bf3 Rh4 26. Bxb7 Qxb7 27. Qf3 Qa6 28. Rag1 Rah8 29. R5g3 R8h6 30. a4 Qc8 31. Nb1 Qc6 32. Na3 Rxh3+ 33. Kg2 Rxg3+ 34. Kxg3 Rh3+ 0-1

[Event "NED-ch U20 Youth 2019"]
[Site "Assen"]
[Date "2019.05.01"]
[Round "4.7"]
[White "Van Randtwijk, Mick"]
[Black "Van Doren, Bas"]
[Result "0-1"]
[ECO "B41"]
[WhiteElo "2168"]
[BlackElo "1945"]
[Annotator "NA"]
[PlyCount "118"]
[EventDate "2019.04.28"]
[EventType "swiss"]
[EventCountry "NED"]
[SourceTitle "playchess.com"]
[Source "ChessBase"]
[SourceQuality "1"]
[TimeControl "40/5400+30:1800+30"]

1. e4 c5 2. Nf3 e6 3. d4 cxd4 4. Nxd4 a6 5. Qd3 Nc6 6. Nxc6 dxc6 7. Nc3 Qxd3 8. Bxd3 e5 9. Be3 Be6 10. Na4 Nf6 11. Nc5 Bxc5 12. Bxc5 Nd7 13. Be3 c5 14. c3 Ke7 15. Ke2 Kd6 16. Rhd1 Kc7 17. Rd2 Rhd8 18. b3 b6 19. Rad1 Nb8 20. Bc2 Nc6 21. h3 f6 22. Ke1 Rxd2 23. Rxd2 Rd8 24. Bd3 Bc8 25. Bc4 Rxd2 26. Kxd2 Nd8 27. b4 cxb4 28. cxb4 Be6 29. Kc3 Bxc4 30. Kxc4 Kc6 31. g3 Nf7 32. a4 b5+ 33. axb5+ axb5+ 34. Kd3 Nd8 35. f4 Nb7 36. f5 Kd7 37. g4 Nd8 38. Bc5 Ke8 39. h4 Kf7 40. Ke3 h6 41. Bd6 Nc6 42. Kf3 Kg8 43. g5 h5 44. Ke3 Kf7 45. Kd3 Kg8 46. Kc3 fxg5 47. Kd3 gxh4 48. Ke3 Kf7 49. Kf3 g6 50. fxg6+ Kxg6 51. Bc5 Nd4+ 52. Kg2 Kg5 53. Kh3 Kf4 54. Kxh4 Kxe4 55. Kxh5 Kd3 56. Kh4 e4 57. Kh3 e3 58. Kg2 e2 59. Kf2 Nc2 0-1

[Event "NED-ch U20 Youth 2019"]
[Site "Assen"]
[Date "2019.05.01"]
[Round "4.8"]
[White "Van Foreest, Machteld"]
[Black "Emans, Job"]
[Result "1-0"]
[ECO "C54"]
[WhiteElo "2065"]
[BlackElo "1945"]
[Annotator "NA"]
[PlyCount "57"]
[EventDate "2019.04.28"]
[EventType "swiss"]
[EventCountry "NED"]
[SourceTitle "playchess.com"]
[Source "ChessBase"]
[SourceQuality "1"]
[TimeControl "40/5400+30:1800+30"]

1. e4 e5 2. Nf3 Nc6 3. Bc4 Bc5 4. c3 Nf6 5. d3 d6 6. Bb3 a6 7. h3 h6 8. Nbd2 Ba7 9. Nf1 d5 10. Qe2 dxe4 11. dxe4 O-O 12. g4 Nh7 13. Ne3 Be6 14. Bd2 Qd7 15. Rg1 Rad8 16. Bc2 Ng5 17. Nxg5 hxg5 18. O-O-O f6 19. h4 gxh4 20. g5 fxg5 21. Rxg5 Rf7 22. Nf5 Kf8 23. Qh5 Bxf5 24. exf5 Ne7 25. Qh8+ Ng8 26. Bb3 Qe7 27. Bxf7 Qxf7 28. Rdg1 Rd7 29. Rxg7 1-0

[Event "NED-ch U20 Youth 2019"]
[Site "Assen"]
[Date "2019.05.01"]
[Round "4.9"]
[White "Achuthan, Dylan"]
[Black "Gijsen, William"]
[Result "1/2-1/2"]
[ECO "B50"]
[WhiteElo "1863"]
[BlackElo "2041"]
[Annotator "NA"]
[PlyCount "122"]
[EventDate "2019.04.28"]
[EventType "swiss"]
[EventCountry "NED"]
[SourceTitle "playchess.com"]
[Source "ChessBase"]
[SourceQuality "1"]
[TimeControl "40/5400+30:1800+30"]

1. e4 c5 2. Nf3 d6 3. c3 Nf6 4. Be2 Nc6 5. d3 e6 6. O-O Be7 7. Re1 O-O 8. Bf1 Qc7 9. d4 d5 10. e5 Nd7 11. Bd3 f6 12. exf6 Nxf6 13. Bg5 cxd4 14. cxd4 Nb4 15. Nc3 Nxd3 16. Qxd3 a6 17. Rac1 Qd8 18. Na4 Bd7 19. Nc5 Bxc5 20. Rxc5 Rc8 21. Rxc8 Qxc8 22. Rc1 Qb8 23. Qa3 Ne4 24. Ne5 Bb5 25. Bh4 Rc8 26. Rd1 Qc7 27. f3 Nd6 28. Bg5 Nf5 29. g4 Nxd4 30. Qe3 Qxe5 31. Rxd4 Qxe3+ 32. Bxe3 Rc2 33. Rd2 Rc1+ 34. Kg2 Ra1 35. a3 Bc4 36. f4 Kf7 37. h4 Rb1 38. Kg3 a5 39. Kg2 b5 40. Kg3 b4 41. axb4 axb4 42. Bc5 b3 43. Bd4 Rc1 44. Kf3 Re1 45. Be5 Rh1 46. Kg3 Re1 47. Kf3 Bb5 48. Rd4 Bc4 49. Rd2 h6 50. h5 Rh1 51. Kg2 Rc1 52. Kf3 g6 53. hxg6+ Kxg6 54. Kg3 Rf1 55. Bc3 Rc1 56. Kf3 Bb5 57. Rh2 Rd1 58. Rd2 Ra1 59. f5+ exf5 60. gxf5+ Kg5 61. f6 Rf1+ 1/2-1/2

[Event "NED-ch U20 Youth 2019"]
[Site "Assen"]
[Date "2019.05.01"]
[Round "4.10"]
[White "Reichardt, Robin"]
[Black "Van Aken, Jelmer"]
[Result "0-1"]
[ECO "E09"]
[WhiteElo "2061"]
[BlackElo "1698"]
[Annotator "NA"]
[PlyCount "112"]
[EventDate "2019.04.28"]
[EventType "swiss"]
[EventCountry "NED"]
[SourceTitle "playchess.com"]
[Source "ChessBase"]
[SourceQuality "1"]
[TimeControl "40/5400+30:1800+30"]

1. d4 Nf6 2. c4 e6 3. Nf3 b6 4. g3 Ba6 5. Nbd2 Be7 6. Bg2 c6 7. O-O O-O 8. Qc2 d5 9. b3 Nbd7 10. e4 Rc8 11. Re1 c5 12. e5 Ne8 13. cxd5 exd5 14. Qd1 Nc7 15. Nf1 Re8 16. Bb2 Bf8 17. Rc1 f6 18. Bh3 Ra8 19. exf6 Nxf6 20. Ba3 Ne4 21. N1d2 Nb5 22. Bb2 Bc8 23. Bxc8 Rxc8 24. Nxe4 dxe4 25. Nd2 Nxd4 26. Rxe4 Qd5 27. Bxd4 cxd4 28. Rxe8 Rxe8 29. Qf3 Qe6 30. Rd1 Bb4 31. Nc4 b5 32. Nb2 Bc3 33. Nd3 Qe2 34. Qxe2 Rxe2 35. a4 bxa4 36. bxa4 Ra2 37. Nc5 Kf7 38. Kg2 Kf6 39. Kf3 Ke5 40. Rb1 Kd5 41. Ne4 Ra3 42. Kf4 Rxa4 43. Rb7 Kc6 44. Rxg7 d3 45. Rxa7 Rxa7 46. Nxc3 Re7 47. g4 d2 48. g5 Re1 49. h4 Rc1 50. Ke3 Rxc3+ 51. Kxd2 Rh3 52. f4 Rxh4 53. Ke3 Kd5 54. Kf3 Rh1 55. f5 Ke5 56. Kg4 Rg1+ 0-1

[Event "NED-ch U20 Youth 2019"]
[Site "Assen"]
[Date "2019.05.02"]
[Round "5.2"]
[White "Halfhide, Sebastian"]
[Black "De Boer, Eelke"]
[Result "1/2-1/2"]
[ECO "A26"]
[WhiteElo "2274"]
[BlackElo "2338"]
[Annotator "NA"]
[PlyCount "108"]
[EventDate "2019.04.28"]
[EventType "swiss"]
[EventCountry "NED"]
[SourceTitle "playchess.com"]
[Source "ChessBase"]
[SourceQuality "1"]
[TimeControl "40/5400+30:1800+30"]

1. c4 Nf6 2. Nc3 g6 3. g3 Bg7 4. Bg2 O-O 5. d3 d6 6. Rb1 a5 7. Nf3 e5 8. O-O Nc6 9. a3 Re8 10. Ne1 Nd4 11. b4 axb4 12. axb4 c6 $11 13. b5 d5 14. Bg5 Be6 15. bxc6 bxc6 16. cxd5 cxd5 17. Nf3 Nxf3+ 18. Bxf3 Rc8 19. Rc1 h6 20. Bxf6 Bxf6 21. Nxd5 Rxc1 22. Nxf6+ Qxf6 23. Qxc1 h5 24. Qh6 Qg7 25. Qg5 Bf5 26. Qh4 Rb8 27. Rd1 Qf8 28. Qf6 Qg7 29. Qe7 Be6 30. e3 Qf8 31. Qc7 Rb5 32. d4 exd4 33. exd4 Qa3 34. Qc6 Rb2 35. Qe4 Bf5 36. Qe8+ Kg7 37. Bd5 Qa7 38. Qe5+ Kg8 39. Re1 Rd2 40. Qe8+ Kg7 41. Re7 Qa1+ 42. Kg2 Rxf2+ 43. Kxf2 Qxd4+ 44. Re3 Qxd5 45. Qe5+ Qxe5 46. Rxe5 Kf6 47. Ra5 Be6 48. h4 Kg7 49. Ke3 Bg4 50. Kf4 Be6 51. Kg5 Bg4 52. Ra6 Bf5 53. Rf6 Be6 54. Rf2 Bg4 1/2-1/2